AoeStats
← Jar3p0

Arabia

507401190Analyzed
1v1 RM · 15d ago on Sep 18, 2026· 49m 53s· 2 players
Game mode
Random Map
Map size
Tiny (2 player)
Population
200
Speed
Normal
Resources
Standard
Victory
Conquest
Starting age
Dark Age
Ending age
Imperial Age
RankedLock teamsTeams togetherTeam positionsShared explorationLock speedFull tech treeHidden civsTurbo modeCheats
Victory
Defeat
🇲🇽 Franks · Mexico
1201
+17
🇺🇸 Italians · United States
1230
-17
Limoneto
9:47 Feudal Age
16:30 Scale Barding Armor
16:37 Double-Bit Axe
19:18 Forging
22:08 Castle Age
21:13 Gold Mining
22:53 Wheelbarrow
22:03 Town Watch
22:04 Loom
23:17 Chain Barding Armor
23:54 Husbandry
45:15 Imperial Age
45:32 Cavalier
48:23 Plate Barding Armor
Jar3p0
9:42 Feudal Age
7:59 Loom
14:45 Castle Age
15:20 Pikeman
15:24 Crossbowman
17:38 Double-Bit Axe
18:23 Fletching
23:35 Ballistics
23:22 Bodkin Arrow
25:11 Pikeman
30:28 Thumb Ring
31:40 Scale Mail Armor
35:52 Imperial Age
33:37 Light Cavalry
34:28 Bloodlines
34:18 Husbandry
37:49 Chemistry
39:05 Bracer
40:47 Chain Mail Armor
41:08 Bow Saw
49:40 Plate Mail Armor
Connection lost

Rejoining the realm…

Still unreachable

The connection could not be restored.

Session expired

The server has moved on; the page needs a fresh start.